[Event "85th Tata Steel Masters 2023"]
[White "Erigaisi Arjun"]
[Black "Abdusattorov,Nodirbek"]
[Site "Wijk aan Zee"]
[Round "7.1"]
[Annotator "TA"]
[Result "0-1"]
[Date "2023.01.21"]
[WhiteElo "2722"]
[BlackElo "2713"]
[PlyCount "86"]
[TimeControl "60"]

1. e4 e5 2. Nf3 Nf6 3. d4 Nxe4 4. dxe5 d5 5. Nbd2 Nxd2 6. Bxd2 {[%emt 0:0:6] C43: Petroff Defence: 3 d4.} Be7 7. Bd3 c5 8. c3 {[%emt 0:0:15] The position is equal.} Nc6 9. O-O Bg4 10. Re1 O-O 11. h3 Bh5 {[%emt 0:4:24] [#]} 12. Bf5 $146 ({Predecessor:} 12. Bf4 Qd7 13. Qe2 Nd8 14. g4 Ne6 15. Bg3 Bg6 16. Rad1 Rad8 17. Bf5 Qa4 18. b3 {1-0 Bokros,A (2458)-Kantorik,M (2331) SVK-chT 1213 2012 (4.2)} )Kh8 13. Qe2 Qb6 14. Bf4 Rae8 15. Rad1 d4 16. g4 Bg6 17. Qc2 Rd8 18. h4 Qa6 19. cxd4 cxd4 20. Qb3 d3 21. h5 (21. Re3 $11 {keeps the balance.} )Bxf5 $17 22. gxf5 Nd4 23. Nxd4 Rxd4 24. Bg3 d2 25. Re3 Qh6 {[%emt 0:14:45] Black is more active.} 26. Qxb7 (26. Rd3 $15 Rxd3 27. Qxd3 )Bg5 $36 {[%emt 0:3:40][%mdl 2048] Black is on the roll.} 27. Rc3 Qxh5 28. Qf3 Qh3 29. Bh2 Rg4+ 30. Bg3 h6 31. Qg2 {[%emt 0:1:49] [#] This move loses the game for White.} ({Only move:} 31. Qh1 $1 $15 Qxh1+ 32. Kxh1 )Qh5 $1 $19 {[%emt 0:0:22][%cal Yg4g3] Hoping for ...Rxg3!} 32. f3 Rd4 33. Qh2 {[%emt 0:3:5] [#]} (33. Bf2 {keeps fighting.} Rd5 34. Qh2 Qxh2+ 35. Kxh2 Rxe5 36. Kg3 Rxf5 37. Rc5 )Bh4 $1 ({Weaker is} 33... Qxh2+ 34. Bxh2 Kg8 35. Kf2 $15 )34. Kf1 Rfd8 {[%emt 0:3:26] Threatens to win with ...Qg5.} 35. Bf2 Re4 {[%emt 0:0:26][%mdl 64] Pin} 36. f6 $2 (36. Qh3 {is the only way for White.} Rd5 37. e6 fxe6 38. f6 )gxf6 37. Qh3 Rf4 38. Bxa7 Qxe5 {[%emt 0:0:43] ( -> ...Qe1+)} 39. Be3 Qb5+ {[%emt 0:0:7] Black mates.} 40. Kg1 Qe2 41. Qf1 Rg8+ ({And not} 41... Qxf3 42. Qxf3 Rxf3 43. Rxd2 Rg8+ 44. Rg2 $11 )42. Kh1 Qxf1+ ({Not} 42... Qxf3+ 43. Qxf3 Rxf3 44. Bxd2 $15 )43. Rxf1 {[%emt 0:0:5] [#]} Rxf3 $3 {[%emt 0:0:29][%mdl 576] Promotion. A superb game by Abdusattorov.   Weighted Error Value: White=0.59/Black=0.05 (flawless)} 0-1

[Event "85th Tata Steel Masters 2023"]
[White "Aronian,Levon"]
[Black "Giri,Anish"]
[Site "Wijk aan Zee"]
[Round "7.2"]
[Annotator "TA"]
[Result "1/2-1/2"]
[Date "2023.01.21"]
[WhiteElo "2735"]
[BlackElo "2764"]
[PlyCount "41"]
[TimeControl "60"]

1. e4 e5 2. Nf3 Nc6 3. Bc4 Nf6 4. d3 Bc5 5. O-O d6 6. a4 a5 {[%emt 0:4:29] C50: Hungarian Defence and Giuoco Pianissimo.} 7. Be3 Bxe3 8. fxe3 O-O 9. Nbd2 Be6 {[%emt 0:11:11] [#]} 10. h3 $146 ({Predecessor:} 10. Bxe6 fxe6 11. d4 Qe8 12. c3 Qg6 13. Qb3 Nxe4 14. Nxe4 Qxe4 15. Qxe6+ Kh8 16. Rae1 {½-½ Movsesian,S (2654)-Michalik,P (2578) CZE-chT 1920 2019 (4.5)} )Bxc4 11. Nxc4 Qe7 12. Rf2 b6 13. Nfd2 Nb8 14. Nb1 Nbd7 15. Nc3 c6 16. d4 d5 {[%emt 0:6:26] The position is equal.} 17. exd5 Nxd5 18. Nxd5 cxd5 19. Nxe5 Nxe5 20. dxe5 Qxe5 21. Qd4 {[%emt 0:0:6] An uneventful encounter.   Weighted Error Value: White=0.09 (flawless) /Black=0.08 (flawless)} 1/2-1/2

[Event "85th Tata Steel Masters 2023"]
[White "Maghsoodloo,Parham"]
[Black "Caruana,Fabiano"]
[Site "Wijk aan Zee"]
[Round "7.3"]
[Annotator "RC"]
[Result "1/2-1/2"]
[Date "2023.01.21"]
[WhiteElo "2719"]
[BlackElo "2766"]
[PlyCount "212"]
[TimeControl "60"]

1. d4 Nf6 2. c4 e6 3. Nf3 d5 4. Nc3 Bb4 5. Bg5 h6 6. Bxf6 Qxf6 7. Qa4+ Nc6 8. e3 O-O 9. Be2 Qe7 10. cxd5 exd5 11. O-O Be6 12. Rac1 Rfd8 13. a3 Bd6 14. Nb5 a6 15. Nxd6 Qxd6 16. Qb3 Rdb8 17. Ne1 Ne7 18. Nd3 c6 19. Nc5 Bf5 20. f3 a5 21. Qc3 b6 22. Na4 Ra7 23. Rfe1 Rc7 24. Bf1 Qd7 25. e4 Be6 26. b3 Ng6 27. Rcd1 Qe7 28. Qb2 dxe4 29. fxe4 Rd7 30. b4 axb4 31. axb4 Qd8 32. Qc3 Ra8 33. Nb2 b5 34. Qxc6 Rxd4 35. Qxb5 Rc8 36. Qa5 Rxd1 37. Rxd1 Qf6 38. Nd3 Rc2 39. Qb6 Kh7 40. b5 Qc3 41. Ne1 Rb2 42. Qd4 Qb3 43. e5 Nxe5 44. Qxe5 Qxd1 45. Qxb2 Qxe1 46. b6 Bd5 47. h3 f5 48. Qf2 Qb1 49. Kh2 Be4 50. Bc4 Qd1 51. Bf1 Qb1 52. h4 Qb4 53. h5 Qd6+ 54. Kh3 f4 55. Kg4 Bb1 56. Qb2 Qe6+ 57. Kxf4 Qf5+ 58. Ke3 Qxf1 59. b7 Qe1+ 60. Kd4 Qe4+ 61. Kc5 Qe7+ 62. Kb6 Qe3+ 63. Kc7 Qc5+ 64. Kd8 Qd6+ 65. Ke8 Qb8+ 66. Kf7 Ba2+ 67. Qxa2 Qg8+ 68. Ke7 Qxa2 69. b8=Q Qe2+ 70. Kf8 Qxh5 71. Qb1+ Qg6 72. Qf1 h5 73. Qf2 Qe4 74. Kf7 h4 75. Qd2 Qf5+ 76. Ke8 Kg6 77. Qd6+ Kh5 78. Qd1+ Kh6 79. Qd2+ g5 80. Qd4 Kh5 81. Ke7 g4 82. Kd6 Kg5 83. Qg1 Qd3+ 84. Ke5 Qe2+ 85. Kd4 Qd2+ 86. Ke4 Qf4+ 87. Kd3 Qf5+ 88. Kd2 Qd5+ 89. Ke2 Qa2+ 90. Kd3 Qb3+ 91. Kd2 Qb2+ 92. Kd3 Qa3+ 93. Ke2 h3 94. gxh3 Qxh3 95. Qf2 Qh7 96. Qg3 Qf5 97. Ke1 Qf6 98. Ke2 Kh5 99. Ke1 Kg5 100. Ke2 Qf4 101. Qxf4+ Kxf4 102. Kf2 g3+ 103. Kg2 Kg4 104. Kg1 Kh3 105. Kh1 g2+ 106. Kg1 Kg3 1/2-1/2

[Event "85th Tata Steel Masters 2023"]
[White "Praggnanandhaa R"]
[Black "Van Foreest,Jorden"]
[Site "Wijk aan Zee"]
[Round "7.4"]
[Annotator "TA"]
[Result "1-0"]
[Date "2023.01.21"]
[WhiteElo "2684"]
[BlackElo "2681"]
[PlyCount "127"]
[TimeControl "60"]

1. d4 d5 2. c4 c6 3. Nf3 Nf6 4. e3 Bf5 5. Nc3 a6 6. Bd2 {[%emt 0:1:23] D15: Slav Defence: 4 Nc3 a6 and gambit lines after 4 Nc3 dxc4.} e6 7. Qb3 b5 8. c5 {[%emt 0:1:30] White has an edge.} Nbd7 9. a4 {[%emt 0:2:33] [#]} e5 $146 ({Predecessor:} 9... Be7 10. Be2 Ne4 11. axb5 axb5 12. Rxa8 Qxa8 13. Nxb5 Qa1+ 14. Bd1 Ndxc5 15. dxc5 Nxc5 {0-1 Sarkar,J (2360)-Checa,N (2574) Dulles Cherry Blossom op 2021 (5)} )10. Qa3 {[%emt 0:13:25][%cal Ra4b5] aiming for axb5.} (10. Nxe5 Nxe5 11. dxe5 Nd7 $15 )b4 11. Qxb4 {[%emt 0:0:28] Black must now prevent Qb7.} Rb8 {[%emt 0:1:24] Dodges Qb7} (11... a5 $5 12. Qb7 Rc8 $14 )12. Qa3 a5 13. Be2 (13. dxe5 Bxc5 14. Qa2 Ne4 15. Nxe4 Bxe4 $15 )(13. Nxe5 Nxe5 14. dxe5 Nd7 $15 )Be7 14. O-O (14. Nxe5 Nxe5 15. dxe5 Nd7 $17 )O-O 15. Rfd1 (15. Nxe5 Nxe5 16. dxe5 Nd7 $15 )e4 {[%emt 0:5:54] [#]} (15... Re8 $11 )16. Ne1 $1 $16 Bg4 17. Rdb1 Qc7 18. h3 Bxe2 19. Nxe2 Qa7 (19... Ra8 $16 20. Nc2 Rfb8 )20. b4 axb4 21. Rxb4 Qa6 22. Rxb8 Rxb8 23. Nc1 ({White should try} 23. Nc3 $18 )Ne8 24. Nc2 Nc7 25. a5 Ra8 26. Rb1 Qc4 (26... Qc8 $16 27. Nb4 Nb5 )27. Qb3 Qxb3 28. Rxb3 (28. Nxb3 f5 29. g3 (29. Nb4 Nb8 $16 )g6 )Bd8 29. Be1 Kf8 30. Rb7 Ke8 31. Nb4 Nb8 32. f3 exf3 33. gxf3 Kd7 34. Nc2 $36 {[%emt 0:2:36][%mdl 2048] White is on the roll. White is much more active. The black rooks are badly placed.} Kc8 35. Rb1 Ne6 36. Kg2 f5 37. Nd3 Bc7 38. h4 Ra7 39. Ra1 Nd8 40. Nc1 h6 41. f4 h5 42. Kf3 Na6 43. Nd3 Rb7 44. Bd2 Ne6 45. Ke2 Bd8 46. Ne5 Kc7 {[%emt 0:0:25] [#]} (46... Rc7 $142 47. Ne1 Bf6 )47. Nb4 $1 $18 Nb8 (47... Nxb4 48. a6 )48. Nf7 (48. a6 Ra7 49. Be1 Be7 $18 )Be7 49. Rg1 (49. a6 Ra7 50. Be1 Nd8 $18 )Nd7 50. Ne5 Nxe5 51. fxe5 {[%emt 0:0:10] White is clearly winning.} Kd7 52. Rg6 {[%emt 0:1:18][%cal Yb4c6] Threatens to win with Nxc6!} Rc7 53. Be1 f4 54. a6 Rc8 (54... Bf8 $142 55. Bf2 fxe3 56. Kxe3 (56. Bxe3 Be7 $18 )Be7 )55. a7 fxe3 56. Kxe3 {[%emt 0:0:17][%cal Yg6e6] Hoping for Rxe6!} Nd8 57. Na6 {[%emt 0:3:17] And now Nb8+ would win.} Ra8 58. Ba5 ({Less strong is} 58. Rxg7 Rxa7 59. Nb4 Ra3+ 60. Nd3 Ne6 $11 )Rxa7 59. Nb8+ Ke8 60. Bxd8 {[%emt 0:0:23][%mdl 64] Remove Defender} (60. Nxc6 $2 {loses.} Nxc6 61. Bc3 Ra6 62. Rxg7 Ra3 $19 )Bxd8 61. Nxc6 Ra3+ 62. Kf4 Bxh4 63. Rxg7 Ra6 64. Rc7 {[%emt 0:0:57] Weighted Error Value: White=0.08 (flawless) /Black=0.22 (precise)} 1-0

[Event "85th Tata Steel Masters 2023"]
[White "Gukesh D"]
[Black "So,Wesley"]
[Site "Wijk aan Zee"]
[Round "7.5"]
[Annotator "TA"]
[Result "0-1"]
[Date "2023.01.21"]
[WhiteElo "2725"]
[BlackElo "2760"]
[PlyCount "68"]
[TimeControl "60"]

1. e4 e5 2. Nf3 Nc6 3. Bb5 Nf6 4. d3 Bc5 5. c3 O-O 6. O-O {[%emt 0:0:9] C65: Ruy Lopez: Berlin Defence (3...Nf6), unusual lines and 4 0-0 Bc5.} d5 7. exd5 Qxd5 8. Bc4 {[%emt 0:0:7] The position is equal.} Qd8 9. b4 Bd6 10. Nbd2 h6 11. Re1 Re8 12. a4 a6 13. Qc2 Be6 {[%emt 0:9:44] [#]} 14. Bb2 $146 ({Predecessor:} 14. Bxe6 Rxe6 15. Ne4 Qd7 16. Be3 Rae8 17. h3 Ne7 18. a5 Ng6 19. Qa4 c6 20. Rad1 {½-½ Baroin,B (2320)-Antal,J (2337) EU-ch 2020 sf14 email} )Qd7 15. Re2 Bf5 16. Rae1 Re7 17. h3 (17. Ne4 $142 )Rae8 (17... Nh5 $5 )18. Ne4 Nh5 19. Bc1 Kh8 20. Nh4 Be6 21. Qd1 Qd8 {[%emt 0:7:2] [#]} (21... Nf4 $142 )22. b5 (22. g3 $142 $1 )Na5 $16 23. Bxe6 Rxe6 24. Nf5 Bf8 $1 25. Qc2 (25. Be3 {looks sharper.} Kh7 26. g4 Nf6 27. Rd2 )axb5 26. axb5 b6 27. d4 Nf4 28. Rd2 (28. Bxf4 $11 exf4 29. Qd2 )Qd5 $17 {[%emt 0:4:31] [#] Hoping for ...exd4.} 29. Ne3 Qxb5 {[%emt 0:0:13] Strongly threatening ...exd4. Black is more active.} 30. d5 (30. Ng3 $17 )Rg6 $19 {[%emt 0:0:32][%cal Ya5c4] White must now prevent ...Nc4!} 31. Ng3 Bc5 32. Qe4 $2 (32. Nef5 )Bxe3 33. fxe3 Nc4 (33... Rxg3 $2 {perishes.} 34. exf4 Rxc3 35. Rdd1 $19 )34. Rf2 (34. exf4 {was the crucial defense.} Rxg3 35. Rdd1 )Nd6 {[%emt 0:1:25] Weighted Error Value: White=0.42/Black=0.14 (very precise)} 0-1

[Event "85th Tata Steel Masters 2023"]
[White "Carlsen,Magnus"]
[Black "Rapport,Richard"]
[Site "Wijk aan Zee"]
[Round "7.6"]
[Annotator "TA"]
[Result "1-0"]
[Date "2023.01.21"]
[WhiteElo "2859"]
[BlackElo "2740"]
[PlyCount "71"]
[TimeControl "60"]

1. e4 e5 2. Nf3 Nf6 3. Nxe5 d6 4. Nd3 Nxe4 5. Qe2 Qe7 6. Nf4 {[%emt 0:0:12] C42: Petroff Defence: 3 Nxe5 and unusual White 3rd moves.} c6 {[%emt 0:5:22] Against Nd5} 7. f3 Nf6 8. d4 {[%emt 0:0:24] The position is equal.} Bf5 9. c4 (9. Qxe7+ {simplifies} Bxe7 10. Na3 h5 11. Kf2 )h5 10. Nc3 Na6 {[%emt 0:2:46] [#]} 11. Kf2 $146 (11. Qxe7+ {simplifies} Bxe7 12. Be3 Rc8 13. Bd3 )({Predecessor:} 11. a3 O-O-O 12. Qxe7 Bxe7 13. h4 Nc7 14. Kf2 d5 15. c5 Ne6 16. Nxe6 fxe6 17. Bg5 {½-½ Tabatabaei,M (2645)-Suleymanli,A (2537) Sharjah Masters 5th 2022 (1)} )Nb4 (11... Qxe2+ {simplifies} 12. Bxe2 Nb4 13. Rd1 Nc2 )12. Qd1 O-O-O 13. Nd3 d5 14. c5 Nxd3+ 15. Bxd3 Ne4+ 16. fxe4 dxe4 {[%emt 0:0:23][%cal Yd8d4] And now ...Rxd4! would win.} 17. Be2 {[%emt 0:0:7] Threatens to win with Be3.} Qf6 18. Be3 {[%emt 0:5:24] aiming for Qa4.} (18. Bxh5 $2 Bg4+ 19. Ke1 Bxd1 $19 )Bxc5 {[%emt 0:1:28][%mdl 64] [#] Pin} 19. Rf1 $1 Qh4+ $2 {[%emt 0:6:40] A mistake that costs the game.} (19... Bxd4 $14 20. Qc1 (20. Bxd4 Rxd4 21. Qc1 Be6+ 22. Kg1 Qe5 $11 )Bh3+ 21. Ke1 Qh4+ 22. Rf2 (22. g3 Qe7 $11 )Bxe3 23. Qxe3 Bxg2 )20. Kg1 $18 Bd6 21. Rxf5 {[%emt 0:0:11] Black must now prevent h3.} Qxh2+ 22. Kf1 Qh1+ {[%emt 0:0:10] [#]} 23. Bg1 $1 (23. Kf2 Qh4+ 24. Kf1 g6 $18 )g6 24. Rxf7 Rhf8 25. Bc4 (25. Qb3 Rxf7+ 26. Qxf7 Rf8 $16 )Bh2 26. Kf2 Rxf7+ 27. Bxf7 Rf8 28. Qb3 Bxg1+ (28... e3+ $2 29. Kxe3 Qxg2 30. Qe6+ Kb8 31. Bxh2+ Qxh2 32. Ne2 $18 )29. Rxg1 {[%emt 0:0:9] Threatening mate with Qe6+.} Qh4+ 30. Ke2 {[%emt 0:4:1] White wants to mate with Qe6+.} (30. Ke3 $6 Qg5+ 31. Ke2 Qg4+ 32. Kd2 Qf4+ 33. Kd1 Rxf7 34. Qe6+ Rd7 35. Nxe4 (35. Qxe4 $2 Rxd4+ $19 )Kd8 $18 )Qg4+ {[%emt 0:0:7] White is clearly better.} 31. Kd2 {[%emt 0:4:39] Strongly threatening Be6+.} Qf4+ 32. Kd1 Rxf7 33. Ne2 ({But not} 33. Qe6+ Rd7 34. Re1 (34. Qxe4 $2 {perishes.} Rxd4+ 35. Ke1 Rxe4+ $19 )(34. Nxe4 Kc7 $18 )e3 35. Rxe3 (35. Qxg6 $2 Qxd4+ 36. Kc2 Qd2+ 37. Kb3 Qxe1 $19 )Qxd4+ 36. Kc2 Kc7 )Qf5 34. Qh3 Qxh3 35. gxh3 Rf3 36. Rg3 {[%emt 0:0:58] Weighted Error Value: White=0.07 (flawless) /Black=0.15 (very precise)} 1-0

[Event "85th Tata Steel Masters 2023"]
[White "Keymer,Vincent"]
[Black "Ding,Liren"]
[Site "Wijk aan Zee"]
[Round "7.7"]
[Annotator "TA"]
[Result "1/2-1/2"]
[Date "2023.01.21"]
[WhiteElo "2696"]
[BlackElo "2811"]
[PlyCount "115"]
[TimeControl "60"]

1. Nf3 d5 2. e3 Nf6 3. c4 e6 4. Nc3 b6 5. cxd5 exd5 6. g3 {[%emt 0:0:18] A17: English Opening: 1...Nf6 with ...Bb4.} Bd6 7. Bg2 O-O 8. O-O Re8 9. Re1 Nbd7 10. d3 Ba6 {[%emt 0:9:33] [#]} 11. e4 $146 ({Predecessor:} 11. Nd4 c5 12. Ndb5 Ne5 13. d4 Nc6 14. Nxd6 Qxd6 15. dxc5 Qxc5 16. Nxd5 Nxd5 17. Qxd5 Qxd5 18. Bxd5 {1-0 Keymer,V (2591)-Pichot,A (2630) Biel blitz 54th 2021 (3)} )dxe4 12. dxe4 Ne5 13. Nxe5 Bxe5 14. Bf4 Qd6 15. Qa4 Bb7 16. Rad1 $36 {[%emt 0:0:45][%mdl 2048] White has the initiative.} Qc5 17. Bxe5 Rxe5 18. Qd4 Qxd4 19. Rxd4 Kf8 20. f4 Rc5 21. Re2 Ng8 22. Red2 Ke8 {[%emt 0:0:5] Dodges Rd8+} 23. Bh3 Bc6 24. R2d3 a5 25. a3 a4 26. Rd2 h5 27. e5 Nh6 28. Bg2 {[%emt 0:3:34] White is more active.} Nf5 29. Bxc6+ Rxc6 30. Re4 Rg6 31. Nb5 (31. Nxa4 h4 $11 )Rc6 32. Kf2 Rc5 33. Rb4 Rc1 34. Nc3 Rd8 35. Rxd8+ Kxd8 $11 {[%emt 0:0:5][%mdl 4096] Endgame KRN-KRN} 36. Re4 Rh1 ({Don't do} 36... Rc2+ 37. Re2 Rc1 38. Rd2+ (38. Nxa4 Ke7 $16 )Ke7 39. Nxa4 $16 )37. Kg2 (37. Nxa4 $2 Rxh2+ 38. Kf3 Rh3 $19 )Rc1 38. Re2 {[%emt 0:1:50] Prevents Rc2} ({Much worse is} 38. Nxa4 Rc2+ 39. Kg1 Kd7 $15 )Ke7 39. Nxa4 Ke6 40. Nc3 $1 Nd4 41. Rd2 Nb3 42. Rf2 Nd4 43. Ne2 Nxe2 44. Rxe2 $14 {[%emt 0:0:0] KR-KR} Rd1 45. Kh3 g6 46. Rc2 c5 47. Rc3 {[%emt 0:0:0] Inhibits Rd3.} f6 {[%emt 0:0:0] [#]} 48. Rb3 (48. exf6 $1 $16 {next b4 is good for White.} Rd6 49. Rb3 )fxe5 $11 {[%emt 0:0:0] The position is equal.} 49. Rxb6+ Kf5 $1 50. Rc6 Rc1 51. fxe5 {[%emt 0:0:26] e6 is the strong threat.} Rc2 52. a4 g5 {[%emt 0:0:0] [#] ( -> ...g4+)} 53. g4+ hxg4+ (53... Kf4 $5 54. Rf6+ $8 (54. gxh5 $2 {is a self mate.} g4+ {[%mdl 64] Deflection} 55. Kh4 Rxh2# )Kxe5 55. Rf5+ Ke6 $11 )54. Kg3 {[%emt 0:0:4] Hoping for e6.} Rxb2 55. e6 {[%emt 0:0:12] Black must now prevent e7.} Rb3+ 56. Kf2 {[%emt 0:0:4][%cal Ye6e7] Threatens to win with e7!} Rb2+ 57. Ke3 {[%emt 0:0:58] Strongly threatening e7.} Kf6 58. Rxc5 {[%emt 0:0:9] Weighted Error Value: White=0.06 (flawless) /Black=0.04 (flawless)} 1/2-1/2